 Dungeon Crawl Stone Soup version 0.28-a0-998-gb9e9c7b67e (webtiles) character file.

Game seed: 234324864381368058

79 BinkBink the Ducker (level 4, -3/36 HPs)
             Began as a Djinni Monk on Dec 6, 2021.
             Slain by a sky beast (6 damage)
             ... on level 3 of the Dungeon.
             The game lasted 00:05:15 (3151 turns).

BinkBink the Ducker (Djinni Monk)                   Turns: 3151, Time: 00:05:16

Health: -3/36      AC:  2    Str: 12    XL:     4   Next: 64%
Gold:   39         EV: 14    Int: 11    God:
                   SH:  0    Dex: 18

rFire   + + .      SeeInvis .   a - +0 falchion
rCold   x . .      Faith    .   (no shield)
rNeg    . . .      Spirit   .   b - +0 robe
rPois   ∞          Reflect  .   (no helmet)
rElec   .          Harm     .   (no cloak)
rCorr   .          Rampage  .   (no gloves)
Will    .....      Clarity  +   (boots unavailable)
Stlth   ++........              (no amulet)
HPRegen 0.12/turn               (no ring)
MPRegen 0.00/turn               (no ring)

@: flying
A: sickness immunity, fire resistance 2, cold vulnerability 1, float, innate
caster, hp casting, extra vitality 1, clarity, strong 1
a: no special abilities


You were on level 3 of the Dungeon.
You visited 1 branch of the dungeon, and saw 3 of its levels.

You collected 39 gold pieces.

Inventory:

Hand Weapons
 a - a +0 falchion (weapon)
Armour
 b - a +0 robe (worn)
Jewellery
 e - a ring of fire
 j - a ring of see invisible
Scrolls
 d - 2 scrolls of identify {unknown}
 g - a scroll of fog {unknown}
 h - a scroll of acquirement {unknown}
 k - a scroll of torment {unknown}
Potions
 c - a potion of heal wounds {unknown}
 f - a potion of haste {unknown}
 i - a potion of mutation


   Skills:
 + Level 3.6 Fighting
 + Level 3.6 Long Blades
 + Level 4.1 Dodging
 - Level 1.5 Stealth


You had 2 spell levels left.
You knew the following spells:

 Your Spells              Type           Power      Damage    Failure   Level
a - Slow                  Hex            0%         N/A       34%         1
Your spell library was empty.

Dungeon Overview and Level Annotations

Branches:
Dungeon (3/15)

Altars:

Shops:
D:1 (


Innate Abilities, Weirdness & Mutations

You are immune to sickness and miasma.
You are immune to poison.
Your flesh is very heat resistant. (rF++)
You are vulnerable to cold. (rC-)
You float through the air rather than walking.
You learn spells naturally, not from books.
Your magical power is your life essence.
You have superior vitality. (+4 HP)
You possess an exceptional clarity of mind.
Your muscles are strong. (Str +2)


Message History

The adder closely misses you.
You hit the adder.
The adder is almost dead.
The adder misses you. The adder bites you but does no damage.
You hit the adder.
You kill the adder!
You hit the sky beast.
The sky beast is lightly wounded.
The sky beast barely misses you.
You hit the sky beast.
The sky beast is lightly wounded.
The sky beast misses you.
You hit the sky beast but do no damage.
The sky beast is lightly wounded.
The sky beast hits you. The sky beast shocks you.
You hit the sky beast.
The sky beast is moderately wounded.
The sky beast hits you. The sky beast shocks you.
You hit the sky beast but do no damage.
The sky beast is moderately wounded.
The sky beast closely misses you.
You miss the sky beast.
The sky beast is moderately wounded.
The sky beast barely misses you.
You hit the sky beast.
The sky beast is heavily wounded.
The sky beast misses you. The sky beast hits you. The sky beast shocks you.
You hit the sky beast but do no damage.
The sky beast is heavily wounded.
The sky beast hits you.
* * * LOW HITPOINT WARNING * * *
The sky beast shocks you.
* * * LOW HITPOINT WARNING * * *
Found a silvery potion.
The sky beast flickers out of sight!
Deactivating autopickup; reactivate with Ctrl-A.
Something hits you.
* * * LOW HITPOINT WARNING * * *
Something shocks you.
You die...

# ####### #.
#.....#####.# ..
#.#.........#
#.##.#.#@#######
#..!...#.#
####.###.#
#.###.# #....<#
#######


There were no monsters in sight!

Vanquished Creatures
  2 adders
  2 worms (D:2)
  A dart slug (D:1)
  A ball python (D:2)
  5 endoplasms
  2 giant cockroaches (D:2)
  4 goblins
  6 hobgoblins
  6 jackals (D:1)
  4 kobolds
  4 quokkas
  4 bats
  3 frilled lizards
  3 rats (D:1)
47 creatures vanquished.

Vanquished Creatures (others)
  7 plants (D:1)
7 creatures vanquished.

Grand Total: 54 creatures vanquished

Notes
Turn   | Place    | Note
-------+----------+-------------------------------------------
     0 | D:1      | BinkBink the Djinni Monk began the quest for the Orb.
     0 | D:1      | Reached XP level 1. HP: 20/20 MP: 0/0
   345 | D:1      | Found Liuskar's Weapon Emporium.
   381 | D:1      | Reached XP level 2. HP: 25/25 MP: 0/0
   861 | D:1      | Gained mutation: Your muscles are strong. (Str +2) [potion
                  | of mutation]
   861 | D:1      | Gained mutation: You possess an exceptional clarity of
                  | mind. [potion of mutation]
   881 | D:1      | HP: 1/25 [jackal (2)]
  1199 | D:1      | Reached XP level 3. HP: 26/30 MP: 0/0
  1199 | D:1      | Learned a level 1 spell: Slow
  1904 | D:2      | Reached skill level 4 in Dodging
  1904 | D:2      | Reached XP level 4. HP: 35/35 MP: 0/0
  3121 | D:3      | Noticed a sky beast
  3151 | D:3      | Slain by a sky beast

Illustrated notes

Levels and vault maps discovered:
D:1:      elethiomel_arrival_maze, layout_basic, serial_shops,
          nicolae_shop_hallway_stairs, serial_bayou_pond_c,
          minmay_crystal_water, corner_web_ring
D:2:      layout_basic
D:3:      layout_loops_cross, nicolae_overflow_hidden_temple

Skill      XL: |  1  2  3 |
---------------+----------+-----
Long Blades    | 3 |  3.6
Dodging        | 4 |  4.1
Fighting       | |  3.6
Stealth        | |  1.5

Action                   |  1- 3 |  4- 6 || total
-------------------------+-------+-------++-------
Melee: Falchion          |   141 |    61 ||   202
  Use: Potion            |     1 |       ||     1
 Stab: Sleeping          |     1 |     4 ||     5
Armor: Robe              |    31 |     8 ||    39
Dodge: Dodged            |   131 |    22 ||   153

Table legend: (Time is in decaauts)
 A = Elapsed time spent in this place.
 B = Non-inter-level travel time spent in this place.
 C = Inter-level travel time spent in this place.
 D = Time resting spent in this place.
 E = Time spent auto-exploring this place.
 F = Levels seen in this place.
 G = Mean time per level.
                   A        B        C        D        E       F      G
               +--------+--------+--------+--------+--------+-----+--------+
         Total |   3181 |   3136 |     45 |      0 |   2530 |   3 | 1060.3 |
       Dungeon |   3181 |   3136 |     45 |      0 |   2530 |   3 | 1060.3 |
               +--------+--------+--------+--------+--------+-----+--------+

Top non-repeatable levels by time:
     D:1: 1976 daAuts
     D:2: 1174 daAuts
     D:3: 31 daAuts
